 Dungeon Crawl Stone Soup version 0.29.0-11-gd7f09526c8 (webtiles) character file.

Game seed: 18268077397331634089

7 Sabo the Gusty (level 1, 0/13 HPs)
             Began as a Demonspawn Air Elementalist on Sept 5, 2022.
             Slain by a goblin
             ... wielding a +0 club
              (1 damage)
             ... on level 1 of the Dungeon.
             The game lasted 00:02:35 (426 turns).

Sabo the Gusty (Demonspawn Air Elementalist)         Turns: 426, Time: 00:02:36

Health: 0/13       AC:  2    Str:  8    XL:     1   Next: 83%
Magic:  0/3        EV: 12    Int: 16    God:
Gold:   39         SH:  0    Dex: 13    Spells: 3/4 levels left

rFire   . . .      SeeInvis .   g - +0 short sword
rCold   . . .      Faith    .   (no shield)
rNeg    . . .      Spirit   .   a - +0 robe
rPois   .          Reflect  .   (no helmet)
rElec   .          Harm     .   (no cloak)
rCorr   .          Rampage  .   (no gloves)
Will    .....                   (no boots)
Stlth   ++........              (no amulet)
HPRegen 0.04/turn               (no ring)
MPRegen 0.08/turn               (no ring)

@: no status effects
A: no striking features
a: no special abilities


You were on level 1 of the Dungeon.
You visited 1 branch of the dungeon, and saw 1 of its levels.

You collected 39 gold pieces.

Inventory:

Hand Weapons
 g - a +0 short sword (weapon)
Armour
 a - a +0 robe (worn)
Scrolls
 d - a scroll of amnesia {unknown}
 f - a scroll of enchant armour {unknown}
Potions
 b - a potion of magic
 e - a potion of invisibility {unknown}


   Skills:
 + Level 1.8 Dodging
 + Level 1.7 Stealth
 + Level 2.0 Spellcasting
 + Level 1.0 Conjurations
 + Level 3.1 Air Magic


You had 3 spell levels left.
You knew the following spells:

 Your Spells              Type           Power      Damage    Failure   Level
a - Shock                 Conj/Air       32%        1d5       9%          1

Your spell library contained the following spells:

 Spells                   Type           Power      Damage    Failure   Level
 Static Discharge         Conj/Air       8%         3-4/arc   14%         2
 Swiftness                Air            11%        N/A       17%         3
 Airstrike                Air            5%         2d(1-17)  50%         4


Dungeon Overview and Level Annotations

Branches:
Dungeon (1/15)

Altars:


Message History

Confirm with . or Enter, or press ? or * to list all spells.
Aiming: Shock (safe; 9% risk of failure)
Press: ? - help, Shift-Dir - straight line The zap hits the rat.
You kill the rat!
A quokka comes into view.
Casting: Shock (safe; 9% risk of failure)
Confirm with . or Enter, or press ? or * to list all spells.
Aiming: Shock (safe; 9% risk of failure)
Press: ? - help, Shift-Dir - straight line You miscast Shock.
Nothing appears to happen.
The kobold hits you with a +0 whip. The kobold hits you with a +0 whip.
The kobold closely misses you. The kobold attacks as you move away!
The kobold hits you but does no damage.
You closely miss the kobold. The kobold barely misses you.
You barely miss the kobold. The kobold completely misses you.
You hit the kobold but do no damage. The kobold barely misses you.
You hit the kobold.
You kill the kobold!
The goblin misses you.
You hit the goblin.
The goblin is moderately wounded.
The goblin hits you with a +0 club.
Casting: Shock (safe; 9% risk of failure)
Confirm with . or Enter, or press ? or * to list all spells.
Aiming: Shock (safe; 9% risk of failure)
Press: ? - help, Shift-Dir - straight line The zap misses the goblin.
The zap hits the bat.
The bat is heavily wounded.
The zap hits the bat.
You kill the bat!
The goblin hits you with a +0 club.
* * * LOW HITPOINT WARNING * * *
An endoplasm comes into view.
Your magical contamination has completely faded away.
You barely miss the goblin.
The goblin is moderately wounded.
The goblin hits you with a +0 club.
You die...

#.#.. #. #... #. .#. r. #
.... #b .######.#.##.
~~~~~~J.# .†#
...8..~.###.####.#
############.~..@gg.....#
~~~~#.§≈.#.#8~.##########
...~#§§≈.#.#.~.#
.#.~#.≈≈.#.#.~.#
.#.~#.≈≈.#.#.~.#
.#.~#.≈§.#.#.~.#
.#..'....'.#.~.#
.#..'....'<#.~.#
.#.~#.§≈.#.#.~.#


You could see an endoplasm and 2 goblins.

Vanquished Creatures
  2 bats (D:1)
  2 kobolds (D:1)
  3 rats (D:1)
7 creatures vanquished.

Notes
Turn   | Place    | Note
-------+----------+-------------------------------------------
     0 | D:1      | Sabo the Demonspawn Air Elementalist began the quest for
                  | the Orb.
     0 | D:1      | Reached XP level 1. HP: 13/13 MP: 3/3
   286 | D:1      | Reached skill level 3 in Air Magic
   426 | D:1      | Slain by a goblin

Illustrated notes

Levels and vault maps discovered:
D:1:      lightli_arrival_isolated_outpost, layout_basic,
          serial_co_window_serial, co_window_paths_a, co_window_paths_a,
          co_window_paths_a, co_window_paths_a, co_window_cross_1,
          co_window_broadway_b, co_window_2corner, co_window_corner_b,
          co_window_broadway_c, co_window_of_opportunity_c,
          shapermc_ecumenical_altar_starsandcircs, minmay_hexomino_c4

Skill      XL: |  1 |
---------------+----+-----
Air Magic      | 3 |  3.1
Dodging        | |  1.8
Stealth        | |  1.7
Spellcasting   | |  2.0
Conjurations   | |  1.0

Action                   || total
-------------------------++-------
Melee: Short sword       ||     6
 Cast: Shock             ||     8
Armor: Robe              ||     1
Dodge: Dodged            ||     5
